 Dungeon Crawl Stone Soup version 0.29.0-7-g18a832c13a (webtiles) character file.

Game seed: 6400417948007746624

45735 sleeves the Spear-Bearer (level 14, -6/121 HPs)
             Began as a Black Draconian Necromancer on Aug 30, 2022.
             Was a High Priest of Sif Muna.
             Mangled by a two-headed ogre
             ... wielding a +0 giant club
              (20 damage)
             ... on level 11 of the Dungeon.
             The game lasted 01:35:38 (36699 turns).

sleeves the Spear-Bearer (DrNe)                    Turns: 36699, Time: 01:35:39

Health: -6/121     AC: 10    Str: 16    XL:     14   Next: 2%
Magic:  0/27       EV: 13    Int: 20    God:    Sif Muna [*****.]
Gold:   1672       SH:  5    Dex: 13    Spells: 9/31 levels left

rFire   . . .      SeeInvis .   I - +0 trident
rCold   . . .      Faith    .   A - +0 buckler
rNeg    + . .      Spirit   .   (body armour unavailable)
rPois   .          Reflect  .   X - +0 hat
rElec   +          Harm     .   s - +0 cloak
rCorr   .          Rampage  .   x - +0 pair of gloves
Will    +....                   (no boots)
Stlth   ++........              D - amulet of the acrobat
HPRegen 0.30/turn               t - ring of positive energy
MPRegen 0.20/turn               j - +6 ring of strength

@: swift, flying, very quick
A: breathe lightning, AC +8, unfitting armour, big wings, electricity
resistance, cold-blooded
a: Breathe Lightning, Renounce Religion, Channel Magic, Forget Spell, Divine
Exegesis


You were on level 11 of the Dungeon.
You worshipped Sif Muna.
Sif Muna was extremely pleased with you.
You visited 2 branches of the dungeon, and saw 16 of its levels.
You also visited: Sewer.

You collected 1672 gold pieces.

Inventory:

Hand Weapons
 r - a +0 dagger of venom
   (You took it off a kobold in a sewer)
 z - a +1 vorpal war axe
   (You took it off an orc on level 3 of the Dungeon)
 I - a +0 trident (weapon)
   (You took it off an orc on level 6 of the Dungeon)
 L - a +1 war axe of freezing
   (You took it off an orc warrior on level 7 of the Dungeon)
Missiles
 c - 9 curare-tipped darts (quivered)
 J - 3 throwing nets
Armour
 s - a +0 cloak (worn)
   (You found it on level 3 of the Dungeon)
 x - a +0 pair of gloves (worn)
   (You found it on level 3 of the Dungeon)
 A - a +0 buckler (worn)
   (You found it on level 3 of the Lair of Beasts)
 X - a +0 hat (worn)
   (You found it on level 3 of the Lair of Beasts)
Magical Staves
 P - a staff of fire
   (You found it on level 11 of the Dungeon)
Jewellery
 j - a +6 ring of strength (right hand)
   (You found it on level 2 of the Dungeon)
 t - a ring of positive energy (left hand)
   (You found it on level 3 of the Dungeon)
 D - an amulet of the acrobat (around neck)
   (You found it on level 3 of the Dungeon)
 F - a ring of ice
   (You found it on level 1 of the Lair of Beasts)
 G - an amulet of magic regeneration
   (You found it on level 6 of the Dungeon)
 H - a ring of ice
   (You took it off an orc on level 6 of the Dungeon)
 W - an amulet of reflection
   (You found it on level 2 of the Lair of Beasts)
 Z - a ring of see invisible
   (You found it on level 3 of the Lair of Beasts)
Wands
 m - a wand of paralysis (11)
   (You found it on level 4 of the Dungeon)
 w - a wand of polymorph (6)
   (You found it on level 3 of the Lair of Beasts)
 K - a wand of light (7)
   (You took it off a kobold brigand on level 9 of the Dungeon)
 O - a wand of flame (28)
   (You found it on level 8 of the Dungeon)
 U - a wand of digging (3)
   (You found it on level 2 of the Lair of Beasts)
Scrolls
 b - a scroll of fear {unknown}
 d - 2 scrolls of brand weapon {unknown}
 g - 5 scrolls of butterflies
 i - 2 scrolls of magic mapping {unknown}
 l - 3 scrolls of blinking
 o - 5 scrolls of enchant weapon
 u - 3 scrolls of vulnerability
 y - 3 scrolls of amnesia {unknown}
 C - 2 scrolls of enchant armour {unknown}
 E - 5 scrolls of teleportation
 M - 3 scrolls of torment
 S - 2 scrolls of immolation
 V - 2 scrolls of silence {unknown}
 Y - 2 scrolls of noise {unknown}
Potions
 a - a potion of magic
 e - 2 potions of mutation {unknown}
 f - 5 potions of curing
 h - 3 potions of lignification {unknown}
 k - 3 potions of heal wounds
 n - a potion of invisibility {unknown}
 p - 3 potions of cancellation
 q - 3 potions of brilliance
 v - a potion of berserk rage {unknown}
 B - 2 potions of haste {unknown}
 N - a potion of flight {unknown}
 Q - 5 potions of might
Miscellaneous
 R - a phial of floods
   (You found it on level 9 of the Dungeon)
 T - a lightning rod (3/4)
   (You found it on level 1 of the Lair of Beasts)


   Skills:
 - Level 10.0 Fighting
 - Level 12.0 Polearms
 - Level 4.0 Dodging
 - Level 1.7 Stealth
 - Level 5.0 Shields
 + Level 9.1 Spellcasting
 - Level 10.0 Summonings
 - Level 6.0 Necromancy
 + Level 4.2 Ice Magic
 - Level 10.0 Air Magic
 - Level 8.0 Invocations


You had 9 spell levels left.
You knew the following spells:

 Your Spells              Type           Power      Damage    Failure   Level
a - Necrotise             Necr           100%       1d9       1%          1
b - Vampiric Draining     Necr           33%        2d8       2%          3
c - Call Canine Familiar  Summ           49%        N/A       1%          3
d - Swiftness             Air            49%        N/A       1%          3
e - Summon Ice Beast      Ice/Summ       37%        N/A       4%          4
f - Mephitic Cloud        Conj/Pois/Air  22%        N/A       8%          3
g - Freezing Cloud        Conj/Ice/Air   14%        6-21      36%         5

Your spell library contained the following spells:

 Spells                   Type           Power      Damage    Failure   Level
 Summon Guardian Golem    Hex/Summ       29%        N/A       3%          3
 Frozen Ramparts          Ice            52%        1d8       4%          3
 Ozocubu's Armour         Ice            26%        N/A       4%          3
 Ensorcelled Hibernation  Hex/Ice        34%        N/A       6%          2
 Animate Dead             Necr           33%        N/A       8%          4
 Beastly Appendage        Tmut           18%        N/A       10%         1
 Foxfire                  Conj/Fire      36%        2x1d5     10%         1
 Sandblast                Erth           18%        2d7       10%         1
 Slow                     Hex            36%        N/A       10%         1
 Passwall                 Tmut/Erth      7%         N/A       14%         2
 Wereblood                Tmut           9%         N/A       14%         2
 Agony                    Necr           33%        N/A       22%         5
 Confusing Touch          Hex            9%         N/A       28%         3
 Conjure Flame            Conj/Fire      9%         6-21      28%         3
 Gell's Gravitas          Tloc           9%         N/A       28%         3
 Ignite Poison            Fire/Tmut/Pois 9%         N/A       28%         3
 Inner Flame              Hex/Fire       9%         N/A       28%         3
 Portal Projectile        Hex/Tloc       18%        N/A       28%         3
 Spider Form              Tmut/Pois      9%         N/A       28%         3
 Tukima's Dance           Hex            9%         N/A       28%         3
 Silence                  Hex/Air        14%        N/A       34%         5
 Ice Form                 Ice/Tmut       17%        N/A       36%         4
 Flame Wave               Conj/Fire      9%         2d6       67%         4
 Leda's Liquefaction      Hex/Erth       4%         N/A       67%         4
 Passage of Golubria      Tloc           9%         N/A       67%         4
 Sticky Flame             Conj/Fire      9%         2d3       67%         4
 Yara's Violent Unravell  Hex/Tmut       4%         3d4       95%         5
 Dispersal                Tloc           4%         N/A       100%        6
 Orb of Destruction       Conj           4%         9d5       100%        7
 Ozocubu's Refrigeration  Ice            13%        4d10      100%        7
 Spellforged Servitor     Conj/Summ      14%        N/A       100%        7
 Disjunction              Tloc           4%         N/A       100%        8
 Lehudib's Crystal Spear  Conj/Erth      4%         10d3      100%        8


Dungeon Overview and Level Annotations

Branches:
Dungeon (11/15)            Temple (0/1) D:7            Lair (5/5) D:9
  Swamp (0/4) Lair:2       Spider (0/4) Lair:2        Slime (0/5) Lair:5
  Sewer (visited)
    Orc: D:9-12

Altars:
Dithmenos
Elyvilon
Kikubaaqudgha
Makhleb
Okawaru
Qazlal
Ru
Sif Muna
Xom
Yredelemnul

Shops:
D:10 *(

Annotations:
D:9 3 transporters, exclusion: downstairs
Lair:1 1 runed translucent door, gelatine's ghost, journeyman DsHu
Lair:4 exclusion: oklob plant
Lair:5 1 runed translucent door


Innate Abilities, Weirdness & Mutations

You can breathe wild blasts of lightning.
Your glossy black scales are hard. (AC +8)
You cannot fit into any form of body armour.
Your large and strong wings let you fly.
You are resistant to electric shocks. (rElec)
You are cold-blooded and may be slowed by cold attacks.


Message History

You hit the centaur.
Your tail-slap misses the centaur.
The centaur is almost dead.
You block the centaur's attack. The centaur barely misses you. x2
You block the centaur's attack.
You slash the centaur!
You kill the centaur!
Sif Muna accepts your kill.
No target in view!
HP restored.
Things that are here:
a +0 shortbow; a centaur corpse A troll comes into view.
A troll is nearby!
A troll is nearby!
Casting: Summon Ice Beast (dangerous; 6% risk of failure)
Confirm with . or Enter, or press ? or * to list all spells.
You feel a strong surge of power! A chill wind blows around you.
Casting: Summon Ice Beast (dangerous; 6% risk of failure)
Confirm with . or Enter, or press ? or * to list all spells.
The troll bites your wolf. The troll claws your wolf.
The troll closely misses your wolf.
Your ice beast barely misses the troll.
Your wolf barely misses the troll.
Your wolf bites the troll.
The troll bites your wolf but does no damage.
The troll closely misses your wolf.
The troll claws your wolf but does no damage.
Your ice beast hits the troll.
Your ice beast freezes the troll!
A troll is nearby!
A troll is nearby!
Your wolf bites the troll but does no damage.
The troll closely misses your wolf. The troll claws your wolf.
The troll closely misses your wolf.
Your wolf barely misses the troll.
Your ice beast barely misses the troll.
Your wolf bites the troll!
The troll bites your wolf! The troll completely misses your wolf.
The troll claws your wolf.
Your ice beast misses the troll.
Your wolf bites the troll!
Your wolf bites the troll.
The troll bites your wolf.
Your wolf dies!
Your wolf's corpse disappears in a puff of smoke!
Your ice beast hits the troll.
Your ice beast freezes the troll!
The troll dies!
Sif Muna accepts your kill.
Your ice beast disappears in a puff of smoke!
Magic restored.
Snorg shouts!
Snorg is nearby!
Throw: 67 darts (poison)
Press: ? - help, Q - select action, (/) - cycle Shift-Dir - straight line, f - Snorg
Aim: Snorg (63% to hit)
Okay, then.
Casting: Call Canine Familiar (safe; 1% risk of failure)
Confirm with . or Enter, or press ? or * to list all spells.
You can't see any susceptible monsters within range! (Use Z to cast anyway.) Unknown command.
Unknown command.
Casting: Call Canine Familiar (safe; 1% risk of failure)
Confirm with . or Enter, or press ? or * to list all spells.
You can't see any susceptible monsters within range! (Use Z to cast anyway.)
Press: ? - help, v - describe, . - travel
Here: Snorg The floor.
Unknown command.
Unknown command.
Casting: Call Canine Familiar (safe; 1% risk of failure)
Confirm with . or Enter, or press ? or * to list all spells.
You can't see any susceptible monsters within range! (Use Z to cast anyway.) Throw: 9 darts (curare)
Press: ? - help, Q - select action, (/) - cycle Shift-Dir - straight line, f - Snorg
Aim: Snorg (63% to hit)
You throw a curare-tipped dart. The curare-tipped dart hits Snorg.
Snorg is poisoned.
Snorg convulses.
Snorg seems to slow down.
Snorg is lightly wounded.
Casting: Call Canine Familiar (safe; 1% risk of failure)
Confirm with . or Enter, or press ? or * to list all spells.
You feel a strong surge of power! A chill wind blows around you.
Casting: Summon Ice Beast (dangerous; 6% risk of failure)
Confirm with . or Enter, or press ? or * to list all spells.
What are your orders? t - Shout!
Orders for allies: a - Attack new target. p - Attack previous target. r - Retreat! s - Stop attacking. g - Guard the area. f - Follow me.
Anything else - Cancel.
Gang up on whom?
Press: ? - help, Dir - move target, f/p - Snorg
Aim: Snorg (lightly wounded, very poisoned, slow, ally target) Attack!
Your hound bites Snorg.
Your hound barely misses Snorg.
Snorg barely misses you. Snorg completely misses you. You block Snorg's attack.
Your hound barely misses Snorg.
You barely miss Snorg. You tail-slap Snorg.
Snorg is lightly wounded.
Your hound barely misses Snorg.
Snorg bites you. Snorg claws you. Snorg claws you but does no damage.
Your hound misses Snorg.
Your ice beast barely misses Snorg.
You barely miss Snorg. You tail-slap Snorg.
Snorg is moderately wounded.
Your hound closely misses Snorg.
Your ice beast closely misses Snorg.
You block Snorg's attack. Snorg claws you. Snorg claws you!
Your hound completely misses Snorg.
You slash Snorg!
Snorg is moderately wounded.
Your hound bites Snorg.
Your ice beast closely misses Snorg.
Snorg bites you! Snorg completely misses you. Snorg misses you.
Casting: Call Canine Familiar (safe; 1% risk of failure)
Confirm with . or Enter, or press ? or * to list all spells.
Aiming: Vampiric Draining (mildly dangerous; 2% risk of failure)
Press: ? - help, Shift-Dir - straight line, f/p - Snorg
Aim: Snorg (moderately wounded, poisoned, slow, ally target)
You draw life force from Snorg!
You feel life coursing into your body.
Your hound bites Snorg.
Your ice beast barely misses Snorg.
Your hound closely misses Snorg.
Casting: Vampiric Draining (mildly dangerous; 2% risk of failure)
Confirm with . or Enter, or press ? or * to list all spells.
Aiming: Vampiric Draining (mildly dangerous; 2% risk of failure)
Press: ? - help, Shift-Dir - straight line, f/p - Snorg
Aim: Snorg (heavily wounded, not watching you, poisoned, slow, ally target)
You draw life force from Snorg!
You feel life coursing into your body.
Your hound bites Snorg.
Your ice beast hits Snorg.
Your ice beast freezes Snorg!
Snorg barely misses you. Snorg closely misses you.
Snorg claws you but does no damage.
Casting: Vampiric Draining (mildly dangerous; 2% risk of failure)
Confirm with . or Enter, or press ? or * to list all spells.
Aiming: Vampiric Draining (mildly dangerous; 2% risk of failure)
Press: ? - help, Shift-Dir - straight line, f/p - Snorg
Aim: Snorg (almost dead, poisoned, slow, ally target)
You draw life force from Snorg.
You feel life coursing into your body.
Your hound barely misses Snorg.
Your ice beast hits Snorg.
Your ice beast freezes Snorg!!
Snorg dies!
Sif Muna accepts your kill.
You see here the troll corpse of Snorg.
Your ice beast disappears in a puff of smoke!
c - 9 curare-tipped darts (gained 1)
Things that are here:
a +0 shortbow; a centaur skeleton Your hound disappears in a puff of smoke!
m - a wand of paralysis (11) (gained 6 charges)
i - 2 scrolls labelled POKECKIME (gained 1)
You now have 1613 gold pieces (gained 12).
E - 5 scrolls of teleportation (gained 1)
A killer bee comes into view.
A gnoll comes into view. It is wielding a +0 spear.
The gnoll shouts!
A gnoll comes into view. It is wielding a +0 whip.
Okay, then.
Press: ? - help, v - describe, . - travel
Here: a killer bee (wandering, hasn't noticed you)
The floor.
Unknown command.
Unknown command.
Unknown command.
A gnoll comes into view. It is wielding a +0 club.
The gnoll shouts!
The killer bee buzzes angrily.
You hear a shout!
You hear an angry buzzing noise.
A gnoll bouda comes into view. It is wielding a +0 club.
Casting: Vampiric Draining (mildly dangerous; 2% risk of failure)
Confirm with . or Enter, or press ? or * to list all spells.
Aiming: Mephitic Cloud (mildly dangerous; 8% risk of failure)
Press: ? - help, Shift-Dir - straight line, f - gnoll
Aim: a gnoll, wielding a +0 spear (chance to affect: 91%)
The ball explodes into a vile cloud!
The stinking cloud engulfs the gnoll but does no damage. x2
The stinking cloud engulfs the killer bee but does no damage.
The gnoll is engulfed in noxious fumes.
The gnoll appears confused.
The gnoll says, "I'm a little confused."
A killer bee comes into view.
Casting: Mephitic Cloud (mildly dangerous; 8% risk of failure)
Confirm with . or Enter, or press ? or * to list all spells.
Aiming: Mephitic Cloud (mildly dangerous; 8% risk of failure)
Press: ? - help, Shift-Dir - straight line, f/p - gnoll
Aim: a gnoll, wielding a +0 spear (confused, chance to affect: 91%)
The ball explodes into a vile cloud!
The stinking cloud engulfs the gnoll but does no damage.
The gnoll is engulfed in noxious fumes.
The gnoll appears confused.
The gnoll is engulfed in noxious fumes.
The gnoll appears confused.
You block the gnoll's attack.
The gnoll hits itself with a +0 spear!
The killer bee is engulfed in noxious fumes.
The killer bee appears confused.
A killer bee comes into view.
You slash the gnoll!
You kill the gnoll!
Sif Muna accepts your kill.
The killer bee is engulfed in noxious fumes.
The killer bee appears confused.
The killer bee is engulfed in noxious fumes.
The killer bee appears confused.
The gnoll bouda barks out a call to the hunt!
The gnolls pick up the pace!
The killer bee is engulfed in noxious fumes.
The killer bee appears confused.
Casting: Mephitic Cloud (mildly dangerous; 8% risk of failure)
Confirm with . or Enter, or press ? or * to list all spells.
Aiming: Mephitic Cloud (mildly dangerous; 8% risk of failure)
Press: ? - help, Shift-Dir - straight line, f - killer bee
Aim: a killer bee (noxious fumes, confused, chance to affect: 86%)
Okay, then.
The killer bee is engulfed in noxious fumes.
The killer bee appears confused.
The killer bee is engulfed in noxious fumes.
The killer bee appears confused.
The killer bee barely misses you.
You slash the killer bee!
The killer bee is severely wounded.
The killer bee stings you.
You are poisoned.
The killer bee poisons you!
You hit the killer bee.
The killer bee is almost dead.
You feel sick.
Casting: Mephitic Cloud (mildly dangerous; 8% risk of failure)
Confirm with . or Enter, or press ? or * to list all spells.
Aiming: Mephitic Cloud (mildly dangerous; 8% risk of failure)
Press: ? - help, Shift-Dir - straight line, f - killer bee
Aim: a killer bee (noxious fumes, almost dead, confused, chance to affect: 86%)
The ball explodes into a vile cloud!
The stinking cloud engulfs the killer bee but does no damage.
The killer bee is almost dead.
The stinking cloud engulfs the gnoll but does no damage.
You feel sick.
The killer bee is engulfed in noxious fumes.
The killer bee appears confused.
The killer bee is engulfed in noxious fumes.
The killer bee appears confused.
The killer bee misses you.
The gnoll is engulfed in noxious fumes. x2; The gnoll appears confused.
The gnoll hits the killer bee with a +0 whip.
The killer bee is killed!
Sif Muna accepts your kill.
You feel sick.
The gnoll is engulfed in noxious fumes.
The gnoll appears confused.
The gnoll hits itself with a +0 whip!
You feel sick.
You feel sick.
The gnoll is engulfed in noxious fumes.
The gnoll appears confused.
The gnoll hits itself with a +0 whip.
The gnoll is killed!
Sif Muna accepts your kill.
Casting: Mephitic Cloud (mildly dangerous; 8% risk of failure)
Confirm with . or Enter, or press ? or * to list all spells.
Aiming: Mephitic Cloud (mildly dangerous; 8% risk of failure)
Press: ? - help, Shift-Dir - straight line, f - killer bee
Aim: a killer bee (chance to affect: 86%)
The ball explodes into a vile cloud!
The stinking cloud engulfs the killer bee but does no damage. x2
You feel sick.
You are no longer poisoned.
The killer bee is engulfed in noxious fumes.
The killer bee appears confused.
The killer bee stings the killer bee.
The killer bee is engulfed in noxious fumes.
The killer bee appears confused.
The killer bee completely misses the killer bee.
The killer bee is engulfed in noxious fumes.
The killer bee appears confused.
The killer bee is engulfed in noxious fumes.
The killer bee appears confused.
The killer bee is engulfed in noxious fumes.
The killer bee appears confused.
The killer bee is engulfed in noxious fumes.
The killer bee stings the killer bee!
The killer bee is poisoned.
The killer bee poisons the killer bee!
The killer bee is engulfed in noxious fumes.
The killer bee appears confused.
The killer bee barely misses the killer bee.
The killer bee is engulfed in noxious fumes.
The killer bee appears confused.
The killer bee is engulfed in noxious fumes.
The killer bee appears confused.
The killer bee completely misses you.
The killer bee is engulfed in noxious fumes.
The killer bee appears confused.
The killer bee stings the gnoll.
The killer bee is engulfed in noxious fumes.
The killer bee appears confused.
The killer bee completely misses you.
The killer bee is engulfed in noxious fumes.
The killer bee appears confused.
The killer bee stings the killer bee.
Things that are here:
a +0 whip; a +0 spear; a gnoll corpse You hit the killer bee but do no damage.
The killer bee is severely wounded.
You block the killer bee's attack.
The killer bee is engulfed in noxious fumes.
The killer bee appears confused.
The killer bee stings the killer bee!
The killer bee is poisoned.
The killer bee poisons the killer bee!
The killer bee is engulfed in noxious fumes.
The killer bee appears confused.
The killer bee misses the gnoll.
The killer bee is engulfed in noxious fumes.
The killer bee stings the gnoll bouda!
The killer bee misses you.
You hit the killer bee but do no damage.
The killer bee is severely wounded.
The killer bee misses you.
The killer bee is engulfed in noxious fumes.
The killer bee appears confused.
The killer bee stings the killer bee!
The killer bee is killed!
Sif Muna accepts your kill.
The killer bee is engulfed in noxious fumes.
The killer bee appears confused.
The gnoll is no longer moving quickly.
The killer bee is engulfed in noxious fumes.
The killer bee appears confused.
You block the killer bee's attack.
The gnoll bouda barks out a call to the hunt!
The gnoll picks up the pace!
The killer bee is engulfed in noxious fumes.
The killer bee appears confused.
The killer bee misses you.
You see here a killer bee corpse.
You strike the helpless killer bee from behind!
You slash the killer bee!
You kill the killer bee!
Sif Muna accepts your kill.
Casting: Mephitic Cloud (mildly dangerous; 8% risk of failure)
Confirm with . or Enter, or press ? or * to list all spells.
You don't know that spell.
Casting: Mephitic Cloud (mildly dangerous; 8% risk of failure)
Confirm with . or Enter, or press ? or * to list all spells.
You don't know that spell.
You hit the gnoll bouda but do no damage.
Your tail-slap misses the gnoll bouda.
The gnoll bouda is moderately wounded.
The gnoll bouda calls upon its god to heal the gnoll.
The gnoll's wounds heal themselves!
The gnoll bouda misses you.
You slash the gnoll bouda!
You kill the gnoll bouda!
Sif Muna accepts your kill.
You slash the gnoll! You tail-slap the gnoll.
The gnoll is severely wounded.
You block the gnoll's attack. x2
You hit the gnoll.
You kill the gnoll!
Sif Muna accepts your kill.
Items here: )) [ †.
Unknown command.
Unknown command.
You now have 1620 gold pieces (gained 7).
Done exploring.
Done exploring.
Done exploring.
Done exploring.
Done exploring.
Done exploring.
Done exploring.
Done exploring.
Done exploring.
Done exploring.
(D) Dungeon (T) Temple (L) Lair (S) Swamp (N) Spider Nest (M) Slime Pits
Where to? (Enter - D:9 @ (x,y), ? - help)
Items here: )) [ †.
You see here a killer bee corpse.
Things that are here:
a +0 whip; a +0 spear; a gnoll corpse
There is a stone staircase leading down here.
You climb downwards.
Found a stone staircase leading down.
There is a stone staircase leading up here.
You see here the +7 chain mail "Peoloec" {Will+}.
A sourceless malevolence fills the Dungeon...
With a horrendous wail, an alarm goes off!
A sentinel's mark forms upon you.
You hear an angry hiss.
You hear a bellow! x3; You hear a shout!
You hear a bellow! x2
There is a stone staircase leading up here.
You climb upwards.
There is a stone staircase leading down here.
You start waiting.
The sentinel's mark upon you fades away.
You climb downwards.
There is a stone staircase leading up here.
A shadow comes into view.
Unknown command.
Casting: Mephitic Cloud (mildly dangerous; 8% risk of failure)
Confirm with . or Enter, or press ? or * to list all spells.
The shadow barely misses you.
You completely miss the shadow.
Your tail-slap misses the shadow.
The shadow hits you.
You hit the shadow.
The shadow is lightly damaged.
Your hound completely misses the shadow.
The shadow hits you.
Your hound bites the shadow but does no damage.
The shadow hits you.
You closely miss the shadow.
The shadow is lightly damaged.
Your hound bites the shadow but does no damage.
The shadow hits you.
You closely miss the shadow.
The shadow is lightly damaged.
Your hound barely misses the shadow.
Your hound bites the shadow.
The shadow hits you.
You hit the shadow but do no damage.
The shadow is moderately damaged.
Your hound completely misses the shadow.
You block the shadow's attack.
Your hound barely misses the shadow.
You barely miss the shadow.
The shadow is moderately damaged.
Your hound closely misses the shadow.
The shadow misses you.
A basilisk comes into view.
Your hound closely misses the shadow.
You hit the shadow.
The shadow is heavily damaged.
The shadow hits you.
Your hound barely misses the shadow.
Casting: Call Canine Familiar (safe; 1% risk of failure)
Confirm with . or Enter, or press ? or * to list all spells.
You feel a strong surge of power! A chill wind blows around you.
Your hound bites the shadow but does no damage.
The shadow hits you.
Your hound bites the shadow.
You closely miss the shadow.
The shadow is heavily damaged.
You slash the basilisk! Your hound misses the shadow.
The shadow completely misses you. The basilisk bites you!
Your ice beast hits the basilisk but does no damage.
Your hound closely misses the shadow.
You closely miss the shadow.
The shadow is heavily damaged.
You hit the basilisk. The shadow hits you! The basilisk barely misses you.
Your hound bites the shadow but does no damage.
Your ice beast hits the basilisk.
Your ice beast freezes the basilisk!
The basilisk seems to slow down.
The basilisk gazes at you.
You easily resist.
The shadow misses you.
You hit the shadow.
The shadow is severely damaged.
You hit the basilisk.
Your hound bites the shadow.
Your ice beast hits the basilisk.
The basilisk dies!
Sif Muna accepts your kill.
Your hound bites the shadow but does no damage.
The shadow slips into darkness.
The shadow flickers and vanishes!
Deactivating autopickup; reactivate with Ctrl-A.
You hit something but do no damage.
Your hound bites something but does no damage.
Something barely misses your hound.
Your hound bites something but does no damage.
You closely miss something.
Your hound closely misses something.
The shadow strikes at you from the darkness!
Reactivating autopickup.
You barely miss the shadow.
The shadow is severely damaged.
Your hound barely misses the shadow.
Your hound bites the shadow.
The shadow slips into darkness.
The shadow flickers and vanishes!
Deactivating autopickup; reactivate with Ctrl-A.
You slash something! Sif Muna accepts your kill.
Reactivating autopickup.
You feel a bit more experienced.
Your Spellcasting skill increases to level 9!
You swap places.
You see here the +7 chain mail "Peoloec" {Will+}.
You start resting.
Magic restored.
Your ice beast disappears in a puff of smoke!
Key pressed, stopping explore.
HP restored.
You swap places.
Found a ring mail.
Your pack is full.
You see here a lumpy golden potion.
Okay, then.
You drop 67 poisoned darts.
Okay, then.
Unknown command.
Unknown command.
n - a lumpy golden potion Your pack is full.
You see here a scroll of identify.
As you read the scroll of identify, it crumbles to dust.
l - 2 scrolls of blinking Your pack is full.
You see here a ring of ice.
Your pack is full.
You see here a ring of ice.
Could not pick up a ring of ice here; ([A]lways) ignore it? [Y]es, [N]o, or [A]lways only, please.
Could not pick up a ring of ice here; ([A]lways) ignore it?
Autopickup disabled for rings of ice.
Found an escape hatch in the ceiling.
Your hound looks up at you expectantly.
A yak comes into view.
A yak is nearby!
No target in view!
Found a stone staircase leading up.
You now have 1632 gold pieces (gained 12).
You now have 1643 gold pieces (gained 11).
You swap places.
A yak comes into view.
The yak moves out of view.
Your hound disappears in a puff of smoke!
A yak is nearby!
A yak is nearby!
A yak is nearby!
A yak comes into view.
The yak bellows! x2
The yak closely misses you.
You completely miss the yak. You tail-slap the yak.
The yak is lightly wounded.
You slash the yak! You block the yak's attack. x2
You hit the yak.
The yak is moderately wounded.
You closely miss the yak. The yak completely misses you.
You block the yak's attack. The yak barely misses you. The yak gores you.
The yak gores you!
You slash the yak!
The yak is heavily wounded.
You hit the yak. x2; The yak gores you but does no damage.
The yak misses you. The yak closely misses you.
You slash the yak!
The yak is heavily wounded.
The yak gores you but does no damage.
You hit the yak. You tail-slap the yak.
The yak is severely wounded.
You hit the yak.
You tail-slap the yak, but do no damage.
The yak is almost dead.
You hit the yak. The yak gores you! You block the yak's attack.
You slash the yak!
You kill the yak!
Sif Muna accepts your kill.
You slash the yak!
You kill the yak!
Sif Muna accepts your kill.
You see here a book of Flames {god gift}.
Sif Muna grants you a gift!
You slash the yak!
The yak is heavily wounded.
The yak barely misses you. You block the yak's attack.
You hit the yak.
The yak is heavily wounded.
The yak gores you!
You hit the yak but do no damage.
Your tail-slap misses the yak.
The yak is heavily wounded.
You block the yak's attack.
You barely miss the yak.
The yak is heavily wounded.
The yak gores you but does no damage.
You barely miss the yak.
The yak is heavily wounded.
The yak gores you!
You barely miss the yak.
The yak is heavily wounded.
The yak snorts and paws the ground.
The yak closely misses you. The yak completely misses you.
You slash the yak! You tail-slap the yak.
You kill the yak!
Sif Muna accepts your kill.
You see here a yak corpse.
You see here a yak corpse.
You pick up a book of Flames {god gift} and begin reading...
You add the spells Foxfire, Inner Flame and Flame Wave to your library.
You see here a yak corpse.
You see here a staff of fire.
You can't carry that many items.
You drop a lumpy golden potion.
n - a lumpy golden potion You see here a yak corpse.
Key pressed, stopping explore.
Found an escape hatch in the floor.
l - 3 scrolls of blinking (gained 1)
You now have 1660 gold pieces (gained 17).
e - 2 amethyst potions (gained 1)
There is an escape hatch in the floor here.
You now have 1672 gold pieces (gained 12).
A wyvern comes into view.
Unknown command.
The helpless wyvern fails to defend itself.
You slash the wyvern!
The wyvern is severely wounded.
The wyvern barely misses you. You block the wyvern's attack.
You barely miss the wyvern.
Your tail-slap misses the wyvern.
The wyvern is severely wounded.
The wyvern misses you. You block the wyvern's attack.
You barely miss the wyvern.
The wyvern is severely wounded.
The wyvern closely misses you. The wyvern misses you.
You hit the wyvern but do no damage.
The wyvern is severely wounded.
The wyvern bites you but does no damage.
The wyvern bites you.
You hit the wyvern but do no damage.
You tail-slap the wyvern, but do no damage.
The wyvern is severely wounded.
The wyvern completely misses you.
You barely miss the wyvern.
The wyvern is severely wounded.
The wyvern misses you. The wyvern bites you!
You barely miss the wyvern.
The wyvern is severely wounded.
The wyvern bites you but does no damage.
The wyvern hisses menacingly.
You block the wyvern's attack.
You hit the wyvern.
The wyvern is almost dead.
The wyvern misses you. The wyvern bites you!
You completely miss the wyvern.
Your tail-slap misses the wyvern.
The wyvern is severely wounded.
The wyvern barely misses you.
You hit the wyvern but do no damage.
The wyvern is severely wounded.
The wyvern bites you! The wyvern closely misses you.
You barely miss the wyvern.
The wyvern is severely wounded.
You block the wyvern's attack. The wyvern barely misses you.
You hit the wyvern.
You kill the wyvern!
Sif Muna accepts your kill.
No target in view!
No target in view!
No target in view!
Okay, then.
You remove your ring of ice.
You feel stronger.
j - a +6 ring of strength (right hand) You're wearing all the rings you can.
Remove which one? (? for menu, Esc to cancel) < or
H - a ring of ice; > or
j - a +6 ring of strength You remove your ring of ice.
t - a ring of positive energy (left hand)
You drop a +1 whip of electrocution.
Search for what [Enter for "staf", or ? for help]? staf You see here 67 poisoned darts.
You see here a yak skeleton.
You see here a staff of fire.
P - a staff of fire You see here a yak skeleton.
A yak comes into view.
A yak is nearby!
A yak is nearby!
A yak is nearby!
Found a stone staircase leading up.
The yak bellows!
A yak comes into view.
A yak comes into view.
The yak bellows! x2
Casting: Summon Ice Beast (dangerous; 5% risk of failure)
Confirm with . or Enter, or press ? or * to list all spells.
Aiming: Mephitic Cloud (mildly dangerous; 8% risk of failure)
Press: ? - help, Shift-Dir - straight line, f - yak
Aim: a yak (chance to affect: 67%)
The ball explodes into a vile cloud!
The stinking cloud engulfs the yak but does no damage.
The yak is engulfed in noxious fumes.
The yak appears confused.
You catch the helpless yak completely off-guard!
You slash the yak!
Your tail-slap misses the yak.
The yak is moderately wounded.
The yak is engulfed in noxious fumes.
The yak appears confused.
You hit the yak.
Your tail-slap misses the yak.
The yak is moderately wounded.
You hit the yak but do no damage.
The yak is moderately wounded.
The yak barely misses you.
The yak is engulfed in noxious fumes.
The yak appears confused.
The yak closely misses the yak.
The yak is engulfed in noxious fumes.
The yak appears confused.
You catch the helpless yak completely off-guard!
You hit the yak.
You tail-slap the yak, but do no damage.
The yak is heavily wounded.
The yak is engulfed in noxious fumes.
The yak appears confused.
The yak is engulfed in noxious fumes.
The yak appears confused.
The yak is engulfed in noxious fumes.
You hit the yak.
The yak is severely wounded.
You slash the yak! You barely miss the yak. You tail-slap the yak.
The yak is moderately wounded.
The yak gores the yak but does no damage.
You slash the yak!
The yak is almost dead.
You slash the yak! The yak gores you but does no damage.
You hit the yak.
You kill the yak!
Sif Muna accepts your kill.
A shadow comes into view.
The yak completely misses you.
The shadow moves out of view.
You slash the yak!
The yak is almost dead.
You strike the helpless yak from behind!
You slash the yak!
The yak is heavily wounded.
You hit the yak. You tail-slap the yak.
The yak is almost dead.
You catch the helpless yak completely off-guard!
You slash the yak! The yak closely misses you.
You slash the yak!
You kill the yak!
Sif Muna accepts your kill.
The yak seems less confused.
You hit the yak.
You kill the yak!
Sif Muna accepts your kill.
Your Ice Magic skill increases to level 4!
No target in view!
No target in view!
A shadow is nearby!
A shadow is nearby!
A shadow is nearby!
Casting: Mephitic Cloud (mildly dangerous; 8% risk of failure)
Confirm with . or Enter, or press ? or * to list all spells.
You closely miss the shadow. The shadow closely misses you.
Your wolf barely misses the shadow.
You closely miss the shadow.
Your wolf bites the shadow.
The shadow slips into darkness.
The shadow flickers and vanishes!
Deactivating autopickup; reactivate with Ctrl-A.
No target in view!
No target in view!
No target in view!
No target in view!
You hit something but do no damage.
Your wolf barely misses something.
Your wolf closely misses something.
The shadow strikes at you from the darkness!
You barely miss something.
Your wolf bites something!
Something hits your wolf.
Reactivating autopickup.
Your wolf bites the shadow.
The shadow closely misses your wolf.
You slash the shadow!
You destroy the shadow!
Sif Muna accepts your kill.
Found 6 stones.
g - 5 scrolls of butterflies (gained 1)
Q - 5 potions of might (gained 1)
Your wolf wags its tail.
Found a flail.
Found a stone staircase leading down.
A troll comes into view.
Found a shiny helmet and 6 silver javelins.
The troll shouts!
You hear two shouts!
A two-headed ogre comes into view.
It is wielding a +0 giant club and a +0 giant spiked club.
The two-headed ogre shouts in stereo!
Casting: Call Canine Familiar (safe; 1% risk of failure)
Confirm with . or Enter, or press ? or * to list all spells.
Aiming: Mephitic Cloud (mildly dangerous; 8% risk of failure)
Press: ? - help, Shift-Dir - straight line, f - troll
Aim: a troll (ally target, chance to affect: 67%)
You miscast Mephitic Cloud.
You are very lightly contaminated with residual magic.
Nothing appears to happen.
Casting: Mephitic Cloud (mildly dangerous; 8% risk of failure)
Confirm with . or Enter, or press ? or * to list all spells.
Aiming: Mephitic Cloud (mildly dangerous; 8% risk of failure)
Press: ? - help, Shift-Dir - straight line, f/p - troll
Aim: a troll (ally target, chance to affect: 67%)
The ball explodes into a vile cloud!
The stinking cloud engulfs the troll but does no damage.
The troll is engulfed in noxious fumes.
There are monsters nearby!
Your wolf is engulfed in noxious fumes.
Your wolf appears confused.
A seven-headed hydra comes into view.
The two-headed ogre hits your wolf with a +0 giant club!!
The two-headed ogre barely misses your wolf.
Casting: Mephitic Cloud (mildly dangerous; 8% risk of failure)
Confirm with . or Enter, or press ? or * to list all spells.
A chill wind blows around you.
Your wolf bites the two-headed ogre!
The troll closely misses you. The troll claws you. x2
The troll attacks as you move away! The troll completely misses you.
The troll claws you but does no damage. The troll claws you.
Your wolf bites the two-headed ogre.
Your ice beast hits the troll but does no damage.
Casting: Summon Ice Beast (dangerous; 5% risk of failure)
Confirm with . or Enter, or press ? or * to list all spells.
Aiming: Mephitic Cloud (mildly dangerous; 8% risk of failure)
Press: ? - help, Shift-Dir - straight line, p - troll The ball explodes into a vile cloud!
The stinking cloud engulfs the troll but does no damage.
The troll bites you! The troll claws you. You block the troll's attack.
Your ice beast barely misses the troll.
The two-headed ogre is engulfed in noxious fumes.
The two-headed ogre appears confused.
You slash the troll! You tail-slap the troll.
The troll is moderately wounded.
The troll bites you but does no damage. The troll barely misses you. x2
Your ice beast hits the troll.
Your ice beast freezes the troll.
Your magical contamination has completely faded away.
The troll attacks as you move away! The troll completely misses you.
You block the troll's attack. x2
You hit the troll.
You tail-slap the troll, but do no damage.
The troll is heavily wounded.
You block the troll's attack. x2; The troll closely misses you.
Your ice beast hits the troll.
Your ice beast freezes the troll!
The seven-headed hydra closely misses your ice beast. x3
The seven-headed hydra bites your ice beast but does no damage.
The seven-headed hydra bites your ice beast. x2
The seven-headed hydra bites your ice beast!
You slash the troll!
You kill the troll!
Sif Muna accepts your kill.
Your wolf barely misses the seven-headed hydra.
Your ice beast hits the seven-headed hydra.
Your ice beast freezes the seven-headed hydra!
The seven-headed hydra seems to slow down.
The seven-headed hydra bites your ice beast.
The seven-headed hydra bites your ice beast!
The seven-headed hydra closely misses your ice beast.
The seven-headed hydra bites your ice beast!
Your ice beast dies!
Your ice beast disappears in a puff of smoke!
The seven-headed hydra bites your wolf but does no damage.
The seven-headed hydra barely misses your wolf.
The seven-headed hydra bites your wolf!
Your wolf dies!
Your wolf's corpse disappears in a puff of smoke!
Casting: Mephitic Cloud (mildly dangerous; 8% risk of failure)
Confirm with . or Enter, or press ? or * to list all spells.
A chill wind blows around you.
Casting: Summon Ice Beast (dangerous; 5% risk of failure)
Confirm with . or Enter, or press ? or * to list all spells.
I - a +0 trident (weapon)
The seven-headed hydra is no longer moving slowly.
Reach: I) +0 trident
Press: ? - help, Dir - move target, f - seven-headed hydra
Aim: a seven-headed hydra (lightly wounded, ally target, about 17% to evade your +0 trident)
You reach to attack!
You puncture the seven-headed hydra!
The seven-headed hydra is moderately wounded.
The seven-headed hydra misses your wolf.
The seven-headed hydra bites your wolf! x3
Your wolf dies!
Your wolf's corpse disappears in a puff of smoke!
Reach: I) +0 trident
Press: ? - help, Dir - move target, f/p - seven-headed hydra
Aim: a seven-headed hydra (grey smoke, moderately wounded, ally target, about 17% to evade your +0 trident)
You reach to attack!
You hit the seven-headed hydra.
The seven-headed hydra is moderately wounded.
Casting: Call Canine Familiar (safe; 1% risk of failure)
Confirm with . or Enter, or press ? or * to list all spells.
The seven-headed hydra bites your ice beast.
The seven-headed hydra bites your ice beast!
The seven-headed hydra barely misses your ice beast.
The seven-headed hydra bites your ice beast! x2
Your ice beast dies!
Your ice beast disappears in a puff of smoke!
Casting: Call Canine Familiar (safe; 1% risk of failure)
Confirm with . or Enter, or press ? or * to list all spells.
A chill wind blows around you.
* * * LOW MAGIC WARNING * * *
The seven-headed hydra misses your ice beast.
The seven-headed hydra completely misses your ice beast.
The seven-headed hydra barely misses your ice beast. x2
The seven-headed hydra closely misses your ice beast.
The seven-headed hydra barely misses your ice beast. x2
Reach: I) +0 trident
Press: ? - help, Dir - move target, f/p - seven-headed hydra
Aim: a seven-headed hydra (moderately wounded, ally target, about 17% to evade your +0 trident)
You could not reach far enough!
Your hound bites the seven-headed hydra.
The seven-headed hydra bites your ice beast.
The seven-headed hydra closely misses your ice beast.
The seven-headed hydra bites your ice beast but does no damage.
The seven-headed hydra bites your ice beast.
The seven-headed hydra barely misses your ice beast.
The seven-headed hydra bites your ice beast! x2
Reach: I) +0 trident
Press: ? - help, Dir - move target, f/p - seven-headed hydra
Aim: a seven-headed hydra (moderately wounded, ally target, about 17% to evade your +0 trident)
You reach to attack!
You puncture the seven-headed hydra!
The seven-headed hydra is heavily wounded.
Your hound bites the seven-headed hydra.
Your ice beast hits the seven-headed hydra.
Your ice beast freezes the seven-headed hydra!
The seven-headed hydra seems to slow down.
The seven-headed hydra bites your ice beast! x2
Your ice beast dies!
Your ice beast disappears in a puff of smoke!
The seven-headed hydra bites your hound! x2
Your hound dies!
Your hound's corpse disappears in a puff of smoke!
Reach: I) +0 trident
Press: ? - help, Dir - move target, f/p - seven-headed hydra
Aim: a seven-headed hydra (heavily wounded, slow, about 17% to evade your +0 trident)
You reach to attack!
You hit the seven-headed hydra.
The seven-headed hydra is severely wounded.
Casting: Summon Ice Beast (dangerous; 5% risk of failure)
Confirm with . or Enter, or press ? or * to list all spells.
You don't know that spell.
Reach: I) +0 trident
Press: ? - help, Dir - move target, f/p - seven-headed hydra
Aim: a seven-headed hydra (severely wounded, slow, about 17% to evade your +0 trident)
You reach to attack!
You puncture the seven-headed hydra!
The seven-headed hydra is severely wounded.
The seven-headed hydra is no longer moving slowly.
Casting: Summon Ice Beast (dangerous; 5% risk of failure)
Confirm with . or Enter, or press ? or * to list all spells.
Aiming: Vampiric Draining (mildly dangerous; 2% risk of failure)
Press: ? - help, Shift-Dir - straight line, f/p - seven-headed hydra
Aim: a seven-headed hydra (severely wounded)
You draw life force from the seven-headed hydra!
You feel life coursing into your body.
* * * LOW MAGIC WARNING * * *
The seven-headed hydra bites you!
The seven-headed hydra closely misses you.
The seven-headed hydra completely misses you.
The seven-headed hydra bites you!
You block the seven-headed hydra's attack.
The seven-headed hydra bites you but does no damage.
The seven-headed hydra closely misses you.
Casting: Vampiric Draining (mildly dangerous; 2% risk of failure)
Confirm with . or Enter, or press ? or * to list all spells.
You don't have enough magic to cast this spell.
Unknown command.
Okay, then.
Activating: Breathe Lightning (2% risk of failure)
Press: ? - help, Dir - look around, f - activate You breathe a wild blast of lightning!
You hear a mighty clap of thunder!
The orb of electricity explodes!
You block the seven-headed hydra's attack.
The seven-headed hydra barely misses you. x2
The seven-headed hydra bites you!
The seven-headed hydra closely misses you.
The seven-headed hydra bites you!
The seven-headed hydra barely misses you.
The two-headed ogre attacks as you move away!
You block the two-headed ogre's attack. The two-headed ogre barely misses you.
The seven-headed hydra attacks as you move away!
The seven-headed hydra bites you but does no damage.
You block the seven-headed hydra's attack.
The seven-headed hydra completely misses you. x2
You block the seven-headed hydra's attack.
The seven-headed hydra misses you.
The seven-headed hydra barely misses you.
Okay, then.
The seven-headed hydra attacks as you move away!
The seven-headed hydra closely misses you.
The seven-headed hydra bites you but does no damage. x2
The seven-headed hydra barely misses you.
The seven-headed hydra misses you.
The seven-headed hydra completely misses you.
The seven-headed hydra misses you.
You see here a yak corpse.
You see here a yak corpse.
The seven-headed hydra attacks as you move away!
The seven-headed hydra bites you but does no damage.
The seven-headed hydra barely misses you.
The seven-headed hydra completely misses you.
The seven-headed hydra closely misses you.
The seven-headed hydra bites you!
* * * LOW HITPOINT WARNING * * *
The seven-headed hydra completely misses you.
The seven-headed hydra barely misses you.
You see here a yak corpse.
The seven-headed hydra attacks as you move away!
The seven-headed hydra completely misses you.
The seven-headed hydra closely misses you.
The seven-headed hydra bites you!
* * * LOW HITPOINT WARNING * * *
The seven-headed hydra closely misses you.
The seven-headed hydra bites you.
* * * LOW HITPOINT WARNING * * *
You block the seven-headed hydra's attack. x2
Casting: Vampiric Draining (mildly dangerous; 2% risk of failure)
Confirm with . or Enter, or press ? or * to list all spells.
Aiming: Vampiric Draining (mildly dangerous; 2% risk of failure)
Press: ? - help, Shift-Dir - straight line, f - seven-headed hydra
Aim: a seven-headed hydra (severely wounded)
You draw life force from the seven-headed hydra!
You feel life coursing into your body.
* * * LOW MAGIC WARNING * * *
The seven-headed hydra bites you but does no damage.
You block the seven-headed hydra's attack.
The seven-headed hydra bites you but does no damage. x2
You block the seven-headed hydra's attack.
The seven-headed hydra bites you.
* * * LOW HITPOINT WARNING * * *
The seven-headed hydra bites you but does no damage.
Aiming: Bolt of Light
Press: ? - help, Shift-Dir - straight line, f/p - seven-headed hydra
Aim: a seven-headed hydra (severely wounded, 90% to hit)
The bolt of light hits the seven-headed hydra!
The seven-headed hydra is almost dead.
The seven-headed hydra is blinded.
The bolt of light misses the two-headed ogre.
The seven-headed hydra closely misses you.
The seven-headed hydra misses you.
The seven-headed hydra bites you but does no damage.
The seven-headed hydra barely misses you.
You block the seven-headed hydra's attack.
The seven-headed hydra bites you.
* * * LOW HITPOINT WARNING * * *
The seven-headed hydra misses you.
Aiming: Thunderbolt
Press: ? - help, Shift-Dir - straight line, f/p - seven-headed hydra
Aim: a seven-headed hydra (almost dead, blind)
The thunderbolt hits the two-headed ogre!
The two-headed ogre is moderately wounded.
The thunderbolt hits the seven-headed hydra!
You kill the seven-headed hydra!
Sif Muna accepts your kill.
Training target 10.0 for Air Magic reached!
Your Air Magic skill increases to level 10!
You have reached level 14!
Your wings grow larger and stronger.
Casting: Vampiric Draining (mildly dangerous; 2% risk of failure)
Confirm with . or Enter, or press ? or * to list all spells.
You don't have enough magic to cast this spell.
The two-headed ogre attacks as you move away!
The two-headed ogre hits you with a +0 giant club.
* * * LOW HITPOINT WARNING * * *
The two-headed ogre misses you.
You have got your breath back.
Casting: Vampiric Draining (mildly dangerous; 2% risk of failure)
Confirm with . or Enter, or press ? or * to list all spells.
You feel quick.
* * * LOW MAGIC WARNING * * *
The two-headed ogre hits you with a +0 giant club!!
* * * LOW HITPOINT WARNING * * *
The two-headed ogre hits you with a +0 giant spiked club!!
You die...

#.............# ##.....#
.........###.## #...###
#.........##.# #...#
#.........<#.# #..##
#.......†.††.########...#
#.........##..†...##....#
#.........##.####.......#
##.......###.# ##O...##.#
##.....## #.###@...###.###
####### #.#...<#.# ...#
#####....###.# ##..#
###.....#.## #.. #...# #
###...###...# ...##...#
####...#####.####..####...##
.....### #.=#....# #...#..#
...### #....# #...##.#
##...######..### #..###.#


You could see a two-headed ogre.

Vanquished Creatures
  An ice dragon (Lair:5)
  3 hydras
  Amaemon (Lair:3)
  4 lindwurms
  Pikel (D:8)
  2 wolf spiders
  4 black mambas
  4 torpor snails (Lair:5)
  11 cane toads
  5 rime drakes
  5 komodo dragons
  2 trolls
  2 polar bears
  2 tyrant leeches (Lair:5)
  7 hornets (Lair:5)
  8 blink frogs
  5 dream sheep (Lair:5)
  2 shadows (D:11)
  50 yaks
  9 wyverns
  2 steam dragons (D:8)
  4 basilisks
  2 nameless horrors
  A redback (Lair:5)
  13 water moccasins
  3 black bears
  3 ice beasts
  A sky beast (D:8)
  2 orc warriors
  2 ogres
  7 wolves (Lair:1)
  A phantom (D:5)
  3 centaurs
  4 lemures (D:8)
  7 bullfrogs
  11 kobold brigands
  3 scorpions
  3 necrophages
  A gnoll sergeant (D:7)
  5 wights
  4 killer bees
  5 howler monkeys
  A vampire bat (Lair:1)
  3 electric eels (Lair:2)
  4 gnoll boudas
  3 hounds
  5 orc priests
  2 iguanas
  7 orc wizards
  Robin (D:2)
  25 gnolls
  A river rat (Sewer)
  12 adders
  3 shadow imps
  An ufetubus (D:5)
  3 worms (Sewer)
  29 orcs
  12 ball pythons
  11 endoplasms
  3 giant cockroaches
  13 goblins
  6 hobgoblins
  4 jackals (D:1)
  2 quokkas
  11 bats
  4 frilled lizards
  32 kobolds
  12 rats
425 creatures vanquished.

Vanquished Creatures (collateral kills)
  Snorg (D:10)
  2 hydras
  A guardian serpent (Lair:5)
  4 black mambas
  An orange demon (Lair:3)
  A torpor snail (Lair:5)
  6 cane toads
  4 komodo dragons
  A troll (D:10)
  3 hornets (Lair:5)
  2 dream sheep (Lair:5)
  A yak (Lair:5)
  5 wyverns
  2 basilisks
  7 water moccasins
  A bullfrog (Lair:1)
  A goblin (D:1)
43 creatures vanquished.

Vanquished Creatures (others)
  2 bushes
  62 fungi
  105 plants
169 creatures vanquished.

Grand Total: 637 creatures vanquished

Notes
Turn   | Place    | Note
-------+----------+-------------------------------------------
     0 | D:1      | sleeves the Draconian Necromancer began the quest for the
                  | Orb.
     0 | D:1      | Reached XP level 1. HP: 14/14 MP: 3/3
   141 | D:1      | HP: 7/14 [frozen (4)]
   388 | D:1      | Reached XP level 2. HP: 20/20 MP: 5/5
  1087 | D:1      | Reached skill level 5 in Necromancy
  1087 | D:1      | Reached XP level 3. HP: 26/26 MP: 6/6
  1360 | D:2      | You fall into a shaft and drop 2 floors!
  1509 | D:4      | Noticed a necrophage
  1560 | D:4      | Noticed a scorpion
  1571 | D:4      | Learned a level 3 spell: Vampiric Draining
  1614 | D:4      | HP: 13/26 [adder (1)]
  1615 | D:4      | Reached skill level 1 in Polearms
  1621 | D:4      | Reached XP level 4. HP: 17/33 MP: 4/7
  1726 | D:4      | Found a glowing drain.
  1741 | Sewer    | Entered a sewer
  1772 | Sewer    | Noticed a kobold brigand
  1786 | Sewer    | HP: 14/33 [kobold brigand/+0 whip (7)]
  1797 | Sewer    | HP: 12/33 [kobold brigand/+0 whip (4)]
  1798 | Sewer    | Killed a kobold brigand
  2078 | Sewer    | Reached skill level 2 in Polearms
  2078 | Sewer    | Reached XP level 5. HP: 35/38 MP: 5/9
  2222 | Sewer    | HP: 14/38 [kobold brigand/+0 whip (7)]
  2225 | Sewer    | Reached skill level 3 in Spellcasting
  2473 | Sewer    | Reached XP level 6. HP: 33/45 MP: 6/11
  2849 | Sewer    | HP: 22/45 [kobold brigand/+0 short sword (6)]
  2851 | Sewer    | Reached skill level 3 in Polearms
  2851 | Sewer    | Reached skill level 6 in Necromancy
  3172 | Sewer    | Reached skill level 1 in Fighting
  3374 | D:4      | Reached skill level 4 in Spellcasting
  3374 | D:4      | Your scales start taking on a glossy black colour.
  3374 | D:4      | Reached XP level 7. HP: 49/53 MP: 11/13
  3374 | D:4      | Gained mutation: You are resistant to electric shocks.
                  | (rElec) [Black Draconian growth]
  3491 | D:3      | Found a white marble altar of Elyvilon.
  3673 | D:2      | Noticed Robin
  4354 | D:2      | Found a faded altar of an unknown god.
  4465 | D:2      | HP: 23/53 [goblin/+0 dagger[Robin] (5)]
  4470 | D:2      | HP: 23/53 [goblin/+0 dagger[Robin] (1)]
  4478 | D:2      | HP: 23/53 [goblin/+0 dagger[Robin] (1)]
  4804 | D:2      | Killed Robin
  4805 | D:2      | Reached skill level 2 in Fighting
  5395 | D:3      | Found a stormy altar of Qazlal.
  5671 | D:4      | Reached skill level 4 in Polearms
  5926 | D:4      | Reached skill level 3 in Fighting
  5968 | D:5      | Entered Level 5 of the Dungeon
  6222 | D:5      | Reached skill level 5 in Spellcasting
  6222 | D:5      | Reached XP level 8. HP: 45/66 MP: 15/15
  6327 | D:5      | Found a burning altar of Makhleb.
  6350 | D:5      | Reached skill level 4 in Fighting
  6350 | D:5      | Reached skill level 5 in Polearms
  6389 | D:5      | Found a shimmering altar of Xom.
  6545 | D:5      | Found a shimmering blue altar of Sif Muna.
  6596 | D:5      | Became a worshipper of Sif Muna the Loreminder
  6755 | D:5      | Found a basalt altar of Yredelemnul.
  6899 | D:5      | Reached skill level 1 in Invocations
  7286 | D:6      | Reached skill level 2 in Invocations
  7323 | D:6      | Reached skill level 5 in Fighting
  7709 | D:6      | Reached skill level 6 in Polearms
  7882 | D:6      | Reached skill level 3 in Invocations
  8044 | D:6      | Got Togammoc's Grimoire of the Jabberwock
  8105 | D:6      | Reached * piety under Sif Muna
  8483 | D:6      | Reached skill level 6 in Fighting
  8694 | D:7      | Reached XP level 9. HP: 74/75 MP: 16/16
  8749 | D:7      | Reached skill level 4 in Invocations
  8838 | D:7      | HP: 34/77 [yak (7)]
  9081 | D:7      | Reached skill level 7 in Polearms
  9085 | D:7      | HP: 37/78 [yak (9)]
  9091 | D:7      | HP: 24/78 [yak (4)]
  9093 | D:7      | Reached skill level 5 in Invocations
  9350 | D:7      | Reached skill level 7 in Fighting
  9809 | D:7      | HP: 30/79 [gnoll sergeant/+0 trident (11)]
  9814 | D:7      | Reached ** piety under Sif Muna
 10042 | D:7      | Found a shadowy altar of Dithmenos.
 10789 | D:7      | Found a staircase to the Ecumenical Temple.
 10878 | D:7      | Reached skill level 6 in Invocations
 11252 | D:8      | Reached skill level 8 in Polearms
 11441 | D:8      | Reached skill level 8 in Fighting
 11556 | D:8      | Reached XP level 10. HP: 74/88 MP: 17/17
 11887 | D:8      | Found a sacrificial altar of Ru.
 11911 | D:8      | Found an iron altar of Okawaru.
 11960 | D:8      | Noticed Pikel
 12422 | D:8      | Killed Pikel
 12423 | D:8      | Reached skill level 7 in Invocations
 12743 | D:9      | Found an ancient bone altar of Kikubaaqudgha.
 13102 | D:8      | HP: 44/88 [basilisk (6)]
 13109 | D:8      | HP: 40/88 [basilisk (1)]
 13357 | D:9      | Reached *** piety under Sif Muna
 13358 | D:9      | Reached skill level 9 in Fighting
 13545 | D:9      | Reached skill level 9 in Polearms
 13905 | D:9      | Found a staircase to the Lair.
 14071 | D:9      | Found a transporter.
 14072 | D:9      | Found a transporter.
 14078 | D:9      | Found a transporter.
 14153 | D:9      | Reached skill level 2 in Dodging
 14153 | D:9      | Reached skill level 8 in Invocations
 14304 | D:9      | Found a transporter.
 14965 | D:9      | Reached skill level 3 in Dodging
 14968 | D:9      | HP: 38/91 [yak (8)]
 15259 | D:10     | Entered Level 10 of the Dungeon
 15259 | D:10     | Found Oliujy's General Store.
 15291 | D:10     | Noticed a two-headed ogre
 15291 | D:10     | Found Dotzicia's Weapon Boutique.
 15298 | D:9      | HP: 30/92 [two-headed ogre/+0 giant spiked club (23)]
 15582 | D:10     | Noticed Snorg
 15782 | D:10     | HP: 45/92 [yak (6)]
 15791 | D:10     | HP: 42/92 [yak (10)]
 15796 | D:10     | HP: 43/92 [yak (2)]
 16136 | D:10     | HP: 42/93 [Snorg (10)]
 16141 | D:10     | HP: 37/93 [Snorg (6)]
 16146 | D:10     | HP: 32/93 [Snorg (3)]
 16496 | Lair:1   | Entered Level 1 of the Lair of Beasts
 16559 | Lair:1   | Reached XP level 11. HP: 74/99 MP: 14/18
 16563 | Lair:1   | Learned a level 3 spell: Call Canine Familiar
 16981 | Lair:1   | Reached skill level 10 in Fighting
 17087 | Lair:1   | HP: 49/99 [cane toad (9)]
 17090 | Lair:1   | Reached skill level 1 in Summonings
 17092 | Lair:1   | HP: 49/99 [poisoned by a cane toad]
 17354 | Lair:1   | Reached skill level 4 in Dodging
 17437 | Lair:1   | Reached skill level 10 in Polearms
 17563 | Lair:1   | Reached skill level 2 in Summonings
 17658 | Lair:1   | Reached skill level 3 in Summonings
 17839 | Lair:1   | Found a runed translucent door.
 18205 | Lair:1   | HP: 49/99 [yak (8)]
 18208 | Lair:1   | Reached skill level 4 in Summonings
 18565 | Lair:1   | Reached skill level 5 in Summonings
 19029 | Lair:1   | Noticed gelatine's ghost (journeyman DsHu)
 19292 | Lair:1   | Reached skill level 6 in Summonings
 19570 | Lair:2   | Learned a level 3 spell: Swiftness
 19600 | Lair:2   | Reached skill level 1 in Air Magic
 20018 | Lair:1   | Reached skill level 2 in Air Magic
 20022 | Lair:1   | Reached **** piety under Sif Muna
 20300 | Lair:2   | Reached skill level 7 in Summonings
 20300 | Lair:2   | Reached skill level 3 in Air Magic
 20593 | Lair:2   | HP: 45/99 [komodo dragon (24)]
 20822 | Lair:2   | HP: 47/99 [yak (11)]
 20826 | Lair:2   | Reached skill level 4 in Air Magic
 20827 | Lair:2   | HP: 38/99 [yak (8)]
 20841 | Lair:2   | HP: 40/99 [yak (2)]
 20888 | Lair:1   | HP: 44/99 [yak (12)]
 20893 | Lair:1   | HP: 44/99 [yak (9)]
 21358 | Lair:2   | Reached skill level 5 in Air Magic
 21358 | Lair:2   | HP: 49/99 [poisoned by a cane toad]
 21363 | Lair:2   | HP: 40/99 [poisoned by a cane toad]
 21368 | Lair:2   | HP: 36/99 [poisoned by a cane toad]
 21631 | Lair:2   | Found a hole to the Spider Nest.
 21638 | Lair:2   | Noticed a wolf spider
 21652 | Lair:2   | HP: 37/99 [wolf spider (17)]
 21653 | Lair:2   | Killed a wolf spider
 21654 | Lair:2   | Reached skill level 8 in Summonings
 21657 | Lair:2   | HP: 19/99 [poisoned by a wolf spider]
 21662 | Lair:2   | HP: 12/99 [poisoned by a wolf spider]
 22030 | Lair:2   | Noticed a five-headed hydra
 22050 | Lair:2   | Learned a level 4 spell: Summon Ice Beast
 22120 | Lair:2   | Killed a five-headed hydra
 22121 | Lair:2   | Reached XP level 12. HP: 71/106 MP: 8/19
 22323 | Lair:2   | Found a staircase to the Swamp.
 22599 | Lair:2   | Reached skill level 9 in Summonings
 22772 | Lair:2   | Learned a level 3 spell: Mephitic Cloud
 23186 | Lair:3   | HP: 53/106 [lindwurm (14)]
 23684 | Lair:3   | HP: 53/106 [poisoned by a black mamba]
 23689 | Lair:3   | HP: 35/106 [poisoned by a black mamba]
 23694 | Lair:3   | HP: 30/106 [poisoned by a black mamba]
 24662 | Lair:3   | sleeves: buckler
 24662 | Lair:3   | sleeves: !buckler
 24662 | Lair:3   | sleeves: beem help
 24662 | Lair:3   | sleeves: !help
 24662 | Lair:3   | beem: I'm a chat bot that sends commands to the DCSS IRC
                  | knowledge bots. Type !subscribe and I'll watch all your
                  | games; type !unsubscribe to make me go away. Use
                  | !sequellhelp for the original Sequell help command. Bots
                  | with a different name that act similarly are either for ban
                  | evasion or falsely advertising spam and are not the current
                  | beem bot.
 24662 | Lair:3   | sleeves: ??buckler
 24662 | Lair:3   | beem: buckler[1/1]: A small {shield}. SH 5, EV -1.
 24662 | Lair:3   | sleeves: ?buckler
 24670 | Lair:3   | Noticed Amaemon
 24692 | Lair:3   | Killed Amaemon
 24694 | Lair:3   | HP: 48/106 [poisoned by an orange demon]
 24699 | Lair:3   | HP: 30/106 [poisoned by an orange demon]
 24704 | Lair:3   | HP: 26/106 [poisoned by an orange demon]
 25110 | Lair:3   | Reached skill level 1 in Shields
 25256 | Lair:4   | Noticed a four-headed hydra
 25269 | Lair:3   | HP: 53/106 [four-headed hydra (5)]
 25269 | Lair:3   | Killed a four-headed hydra
 25270 | Lair:3   | Reached skill level 6 in Spellcasting
 25713 | Lair:4   | Reached skill level 10 in Summonings
 25769 | Lair:4   | Reached skill level 2 in Shields
 26470 | Lair:5   | Entered Level 5 of the Lair of Beasts
 26506 | Lair:5   | HP: 52/106 [cane toad (7)]
 26511 | Lair:5   | HP: 36/106 [poisoned by a cane toad]
 26516 | Lair:4   | HP: 26/106 [poisoned by a cane toad]
 26521 | Lair:4   | HP: 22/106 [poisoned by a cane toad]
 26991 | Lair:5   | HP: 42/106 [dream sheep (24)]
 26992 | Lair:5   | Reached skill level 3 in Shields
 26996 | Lair:5   | HP: 35/106 [rime drake/flash freeze (11)]
 27003 | Lair:5   | HP: 30/106 [rime drake/flash freeze (11)]
 27014 | Lair:5   | Noticed a six-headed hydra
 27310 | Lair:5   | HP: 53/106 [six-headed hydra (6)]
 27311 | Lair:5   | Killed a six-headed hydra
 27312 | Lair:5   | Reached skill level 11 in Polearms
 27312 | Lair:5   | Reached skill level 6 in Air Magic
 27620 | Lair:5   | HP: 52/106 [wyvern (7)]
 27787 | Lair:5   | HP: 53/106 [poisoned by a cane toad]
 28059 | Lair:5   | HP: 53/106 [poisoned by a guardian serpent (bolt of
                  | poison)]
 28133 | Lair:5   | HP: 46/106 [cane toad (12)]
 28134 | Lair:5   | HP: 22/106 [cane toad (20)]
 28139 | Lair:4   | HP: 48/106 [nameless horror[miscasting Summon Ice Beast]
                  | (4)]
 28145 | Lair:4   | HP: 33/106 [cane toad (12)]
 28151 | Lair:4   | HP: 35/106 [nameless horror[miscasting Summon Ice Beast]
                  | (8)]
 28481 | Lair:5   | Reached skill level 4 in Shields
 28481 | Lair:5   | Reached skill level 7 in Spellcasting
 28526 | Lair:4   | HP: 39/106 [komodo dragon (21)]
 28528 | Lair:4   | HP: 18/106 [komodo dragon (15)]
 28529 | Lair:4   | Reached XP level 13. HP: 19/113 MP: 5/23
 28955 | Lair:5   | HP: 43/113 [cane toad (20)]
 28956 | Lair:5   | HP: 15/113 [cane toad (14)]
 29321 | Lair:5   | Reached skill level 7 in Air Magic
 29777 | Lair:5   | HP: 50/113 [seven-headed hydra (8)]
 29783 | Lair:5   | HP: 36/113 [poisoned by a water moccasin]
 30338 | Lair:4   | HP: 34/113 [komodo dragon (24)]
 31146 | Lair:5   | HP: 50/113 [rime drake/flash freeze (12)]
 31152 | Lair:5   | Reached skill level 8 in Air Magic
 31332 | Lair:5   | HP: 54/113 [poisoned by a black mamba]
 31334 | Lair:5   | HP: 25/113 [black mamba (10)]
 31339 | Lair:4   | HP: 11/113 [poisoned by a black mamba]
 31344 | Lair:4   | HP: 7/113 [poisoned by a black mamba]
 31802 | Lair:5   | Reached skill level 8 in Spellcasting
 32035 | Lair:5   | Reached skill level 12 in Polearms
 32308 | Lair:5   | Learned a level 5 spell: Freezing Cloud
 32658 | Lair:5   | Reached skill level 1 in Ice Magic
 33230 | Lair:5   | HP: 54/113 [black mamba (7)]
 33233 | Lair:5   | HP: 25/113 [poisoned by a black mamba]
 33238 | Lair:5   | HP: 11/113 [poisoned by a black mamba]
 33239 | Lair:5   | Reached skill level 9 in Air Magic
 33243 | Lair:5   | HP: 7/113 [poisoned by a black mamba]
 33695 | Lair:5   | Found a runed translucent door.
 33746 | Lair:5   | Reached skill level 2 in Ice Magic
 33748 | Lair:5   | Paralysed by a hornet for 2 turns
 33752 | Lair:5   | HP: 56/113 [hornet (5)]
 33757 | Lair:5   | HP: 43/113 [poisoned by a hornet]
 33761 | Lair:5   | HP: 21/113 [poisoned by a hornet]
 33766 | Lair:5   | HP: 17/113 [poisoned by a hornet]
 34205 | Lair:5   | Found a runed translucent door.
 34213 | Lair:5   | Found a staircase to the Slime Pits.
 34233 | Lair:5   | Paralysed by a hornet for 3 turns
 34234 | Lair:5   | Reached skill level 5 in Shields
 34563 | Lair:5   | HP: 54/113 [bounced beam (11)]
 34564 | Lair:5   | Reached skill level 3 in Ice Magic
 34565 | Lair:5   | Reached ***** piety under Sif Muna
 35394 | D:10     | Killed Snorg
 35841 | D:11     | Identified the +7 chain mail "Peoloec" {Will+}
 35908 | D:11     | Reached skill level 9 in Spellcasting
 36127 | D:11     | Received a gift from Sif Muna
 36598 | D:11     | Reached skill level 4 in Ice Magic
 36687 | D:11     | HP: 49/113 [seven-headed hydra (13)]
 36693 | D:11     | HP: 36/113 [seven-headed hydra (1)]
 36695 | D:11     | Reached skill level 10 in Air Magic
 36695 | D:11     | Gained mutation: Your large and strong wings let you fly.
                  | [Black Draconian growth]
 36695 | D:11     | Reached XP level 14. HP: 39/121 MP: 2/27
 36699 | D:11     | HP: 14/121 [two-headed ogre/+0 giant club (21)]
 36699 | D:11     | Mangled by a two-headed ogre

Illustrated notes

Levels and vault maps discovered:
D:1:      amcnicky_arrival_blooded_trapdoor, layout_basic
D:2:      layout_basic, shapermc_ecumenical_altar_mp_urbaneastern,
          grunt_ministairs_12, patterned_corridor, uniq_robin
D:3:      layout_basic, elyvilon_altar_1, nicolae_qazlal_scattered_showers
D:4:      layout_basic, cheibrodos_sewer_entry_drain
D:5:      layout_rooms, mainiacjoe_overflow_alcove_4,
          mainiacjoe_overflow_surrounded_room, amcnicky_altar_gilded,
          mainiacjoe_overflow_tiny_flanked
D:6:      layout_basic
D:7:      layout_cave_pools, nicolae_dithmenos_the_darkroom, temple_hall
D:8:      layout_loops_cross, mainiacjoe_overflow_large_starburst,
          minmay_diced_spiral, uniq_pikel
D:9:      layout_gridville, mainiacjoe_overflow_cross_hatched,
          minmay_lair_entry_grove, nicolae_transporter_circle
D:10:     layout_cave_pods, serial_shops, nicolae_stop_n_shop_2,
          nicolae_stop_n_shop_1, uniq_snorg
D:11:     layout_rooms
Lair:1:   layout_layer_cave, ebering_ghost_inner_flame, roderic_batcave
Lair:2:   layout_gridlike, minmay_swamp_entry_eels, spider_nest_entry_rubble,
          chequers_serial_rivers_marsh
Lair:3:   layout_regular_city, nicolae_lair_lindhole, lemuel_fruit_tree,
          uniq_amaemon
Lair:4:   minmay_lair_oklob_tunnel, layout_cave_shapes
Lair:5:   wormcave, layout_regular_city, hangedman_lair_tendril_chambers,
          slime_entry_2, grunt_forest_small_clearing_treed, lemuel_fruit_fields

Skill      XL: |  1  2  3  4  5  6  7  8  9 10 11 12 13 |
---------------+----------------------------------------+-----
Necromancy     | 5 6 |  6.0
Polearms       | 1 2 3 4 6 8 9 10 11 12 | 12.0
Spellcasting   | 3 4 5 7 9 |  9.1
Fighting       | 1 3 6 8 9 10 | 10.0
Invocations    | 3 6 8 |  8.0
Dodging        | 3 4 |  4.0
Summonings     | 8 10 | 10.0
Air Magic      | 5 6 10 | 10.0
Shields        | 4 5 |  5.0
Ice Magic      | 4 |  4.2
Stealth        | |  1.7

Action                   |  1- 3 |  4- 6 |  7- 9 | 10-12 | 13-15 || total
-------------------------+-------+-------+-------+-------+-------++-------
Melee: Spear             |   116 |   118 |       |       |       ||   234
       Tailslap          |    12 |    26 |   112 |   144 |    65 ||   359
       Punch             |     1 |     4 |     8 |    18 |       ||    31
       Dagger            |       |    40 |   610 |   300 |     7 ||   957
       Mace              |       |       |    43 |    14 |       ||    57
       Whip              |       |       |     3 |    34 |     4 ||    41
       War axe           |       |       |    39 |   424 |   261 ||   724
       Trident           |       |       |       |       |     5 ||     5
Throw: Dart              |       |       |    20 |    21 |     2 ||    43
       Throwing net      |       |       |     1 |       |       ||     1
 Cast: Necrotise         |    17 |     6 |     4 |       |       ||    27
       Vampiric Draining |       |     7 |    41 |   137 |    46 ||   231
       Call Canine Famil |       |       |       |    10 |    14 ||    24
       Summon Ice Beast  |       |       |       |    29 |    47 ||    76
       Mephitic Cloud    |       |       |       |     3 |    26 ||    29
       Swiftness         |       |       |       |       |     3 ||     3
Invok: Channel Magic     |       |       |       |     1 |       ||     1
 Abil: Breathe Lightning |       |       |       |     1 |     3 ||     4
Evoke: Wand              |     2 |     1 |       |     4 |     1 ||     8
       Lightning rod     |       |       |       |       |     1 ||     1
  Use: Scroll            |       |       |       |    11 |     3 ||    14
       Potion            |       |       |       |     2 |     1 ||     3
 Stab: Sleeping          |     6 |       |     1 |     4 |     1 ||    12
       Paralysed         |    10 |    10 |       |       |       ||    20
       Distracted        |       |       |     1 |     2 |     4 ||     7
       Confused          |       |       |       |     1 |    13 ||    14
Armor: Skin              |    28 |    22 |   300 |   301 |   118 ||   769
Dodge: Dodged            |    40 |    54 |   512 |   782 |   280 ||  1668
Block: Buckler           |       |       |       |       |    71 ||    71
